AoeStats
← 只会打步弓

African Clearing

510304640Analyzed
4v4 RM · 1d ago on Sep 30, 2026· 53m 13s· 8 players
Game mode
Random Map
Map size
Large (8 player)
Population
200
Speed
Normal
Resources
Standard
Victory
Conquest
Starting age
Dark Age
Ending age
Imperial Age
RankedLock teamsTeams togetherTeam positionsShared explorationLock speedFull tech treeHidden civsTurbo modeCheats
Victory
Defeat
🇹🇼 Japanese · Taiwan
1865
+9
🇹🇼 Varangians · Taiwan
1776
+12
🇹🇼 Saxons · Taiwan
1759
+13
🇺🇸 Danes · United States
1659
+16
🇫🇷 Mongols · France
1739
-15
🇨🇳 Huns · China
1677
-12
🇨🇳 Magyars · China
1668
-12
🇨🇳 Mapuche · China
1657
-11
LUCKY
5:23 Loom
12:38 Feudal Age
13:47 Double-Bit Axe
17:12 Castle Age
15:54 Horse Collar
18:08 Bow Saw
19:27 Town Watch
23:51 Wheelbarrow
26:02 Heavy Plow
26:46 Hand Cart
37:37 Imperial Age
35:25 Scale Barding Armor
35:32 Forging
36:06 Bloodlines
35:56 Husbandry
35:17 Light Cavalry
36:01 Marauders
37:24 Chain Barding Armor
37:44 Elite Tarkan
38:45 Conscription
40:32 Plate Barding Armor
41:12 Iron Casting
45:29 Gold Mining
45:30 Stone Mining
47:50 Hussar
51:06 Two-Man Saw
53:46 Blast Furnace
52:37 Fletching
只会打步弓
13:36 Feudal Age
19:29 Castle Age
17:13 Horse Collar
18:00 Loom
19:05 Double-Bit Axe
20:01 Fletching
21:15 Bodkin Arrow
22:58 Ballistics
23:54 Padded Archer Armor
24:54 Heavy Plow
25:05 Gold Mining
27:19 Leather Archer Armor
32:03 Wheelbarrow
31:47 Bow Saw
33:51 Hand Cart
38:05 Imperial Age
37:51 Town Watch
38:43 Gold Shaft Mining
38:02 Stone Mining
38:18 Elite Bolas Rider
39:33 Ring Archer Armor
40:05 Chemistry
40:56 Masonry
41:54 Malon
42:14 Conscription
47:32 Forging
47:56 Architecture
52:27 Treadmill Crane
AOKI_Zephyse
5:19 Loom
13:21 Feudal Age
13:59 Double-Bit Axe
16:55 Castle Age
14:56 Stone Mining
19:38 Fletching
20:15 Bodkin Arrow
41:34 Town Watch
48:46 Horse Collar
小胖子
10:03 Loom
12:20 Feudal Age
12:57 Double-Bit Axe
12:53 Horse Collar
24:35 Castle Age
23:44 Scale Barding Armor
23:47 Gold Mining
25:28 Bow Saw
25:43 Chain Barding Armor
27:13 Bloodlines
34:54 Wheelbarrow
40:33 Gold Shaft Mining
44:36 Imperial Age
43:03 Elite Skirmisher
43:47 Fletching
43:57 Padded Archer Armor
44:57 Thumb Ring
45:15 Bodkin Arrow
46:45 Chemistry
46:24 Bracer
46:51 Ballistics
47:42 Leather Archer Armor
DYS.Chipmunk
9:43 Loom
12:59 Feudal Age
13:02 Feudal Age
17:11 Castle Age
15:23 Double-Bit Axe
17:21 Pikeman
20:26 Town Watch
22:10 Bow Saw
22:29 Horse Collar
24:58 Stone Mining
25:00 Gold Mining
27:14 Wheelbarrow
31:04 Hand Cart
31:50 Scale Mail Armor
32:24 Squires
38:05 Imperial Age
38:20 Padded Archer Armor
38:38 Chain Mail Armor
38:33 Forging
38:09 Halberdier
38:42 Capped Ram
39:56 Conscription
40:36 Plate Mail Armor
41:26 Iron Casting
40:54 Hamask
42:52 Coinage
42:09 Siege Ram
43:30 Arson
44:51 Banking
47:48 Northmen's Fury
54:26 Blast Furnace
LeeChia
9:19 Loom
11:28 Feudal Age
13:28 Fletching
13:33 Double-Bit Axe
22:56 Castle Age
22:42 Gold Mining
24:35 Wheelbarrow
24:10 Bow Saw
23:23 Crossbowman
24:11 Horse Collar
26:12 Bodkin Arrow
28:47 Ballistics
30:04 Padded Archer Armor
38:56 Hand Cart
41:20 Imperial Age
39:10 Thumb Ring
40:19 Coinage
40:08 Bloodlines
40:01 Husbandry
40:39 Town Watch
41:23 Heavy Cavalry Archer
42:28 Parthian Tactics
43:07 Banking
43:12 Pikeman
43:53 Squires
43:54 Scale Mail Armor
44:03 Bracer
44:18 Leather Archer Armor
45:09 Chemistry
44:48 Kataparuto
45:22 Scale Mail Armor
45:33 Forging
45:03 Halberdier
45:46 Heavy Plow
46:33 Chain Mail Armor
49:12 Conscription
49:33 Plate Mail Armor
49:33 Ring Archer Armor
51:28 Iron Casting
52:15 Stone Mining
53:22 Arson
DYS.K
15:17 Feudal Age
19:12 Castle Age
17:16 Loom
17:35 Double-Bit Axe
18:50 Fishing Lines
20:08 Bow Saw
28:43 Forging
29:28 Bloodlines
29:19 Husbandry
30:23 Town Watch
30:49 Scale Barding Armor
31:15 Gillnets
32:11 Stone Mining
32:50 Horse Collar
36:23 Fletching
37:02 Gold Mining
38:05 Wheelbarrow
39:51 Chain Barding Armor
40:17 Iron Casting
41:43 Bodkin Arrow
45:11 Imperial Age
43:10 Hand Cart
43:27 Ballistics
43:03 Murder Holes
45:16 Elite Jarl
46:56 Plate Barding Armor
47:34 Conscription
49:12 Blast Furnace
51:52 Heavy Plow
52:55 Two-Man Saw
Albis
4:10 Loom
13:52 Feudal Age
15:02 Double-Bit Axe
17:53 Castle Age
18:45 Fletching
18:42 Town Watch
19:07 Bow Saw
34:45 Horse Collar
41:39 Wheelbarrow
45:35 Imperial Age
44:40 Hand Cart
44:31 Scale Mail Armor
44:33 Squires
44:23 Arson
46:02 Chain Mail Armor
46:02 Forging
45:43 Elite Hearth Troop
45:45 Shield Wall
46:45 Conscription
46:49 Heavy Plow
48:17 Plate Mail Armor
48:23 Iron Casting
47:27 Capped Ram
48:18 Siege Ram
50:09 Bodkin Arrow
50:01 Elite Varangian Guard
50:27 Gambesons
53:06 Bracer
Connection lost

Rejoining the realm…

Still unreachable

The connection could not be restored.

Session expired

The server has moved on; the page needs a fresh start.